 Dungeon Crawl Stone Soup version 0.30.1-11-g7821555f0a (webtiles) character file.

Game seed: 2394215699696040153

51062 Peloso the Fencer (level 14, -1/132 HPs)
             Began as a Minotaur Fighter on Dec 16, 2023.
             Was a High Priest of Okawaru.
             Slain by an ogre
             ... wielding a +0 giant spiked club
              (7 damage)
             ... on level 2 of the Orcish Mines.
             The game lasted 00:44:16 (21765 turns).

Peloso the Fencer (Minotaur Fighter)               Turns: 21765, Time: 00:44:17

Health: -1/132     AC: 20    Str: 23    XL:     14   Next: 22%
Magic:  14/14      EV: 12    Int: 10    God:    Okawaru [*****.]
Gold:   2020       SH:  8    Dex: 19    Spells: 13/13 levels left

rFire   + . .        b - +3 scimitar (flame)
rCold   . . .        d - +0 buckler
rNeg    . . .        j - +1 shadow dragon scales
rPois   .            G - +1 hat "Yvodghed" {Drain +Inv Regen+ Int+5 SInv}
rElec   .            (no cloak)
rCorr   .            (no gloves)
SInv    +            (no boots)
Will    +....        (no amulet)
Stlth   ++++         y - ring of protection from fire
HPRegen 1.22/turn    h - +6 ring of dexterity
MPRegen 0.14/turn

%: no passive effects
@: no status effects
A: horns 2, retaliatory headbutt
a: Renounce Religion, Evoke Invisibility, Heroism, Finesse, Duel


You were on level 2 of the Orcish Mines.
You worshipped Okawaru.
Okawaru was extremely pleased with you.
You visited 4 branches of the dungeon, and saw 18 of its levels.
You also visited: Ossuary.

You collected 2020 gold pieces.

Inventory:

Hand Weapons
 a - a +0 double sword of holy wrath
 b - a +3 scimitar of flaming (weapon)
Armour
 c - a +0 chain mail
 d - a +0 buckler (worn)
 j - +1 shadow dragon scales (worn)
 F - the +8 plate armour "Jayng" {Rampage rC+ rN+ Dex-3}
   (You found it on level 8 of the Dungeon)

   Dex:       It affects your dexterity (-3).
   rC:        It protects you from cold.
   rN:        It protects you from negative energy.
   Rampage:   It bestows one free step when moving towards enemies.
 G - the +1 hat "Yvodghed" (worn) {Drain +Inv Regen+ Int+5 SInv}
   (Okawaru gifted it to you on level 2 of the Lair of Beasts)

   Int:       It affects your intelligence (+5).
   SInv:      It lets you see invisible.
   +Inv:      It lets you turn invisible.
   Regen:     It increases your rate of health regeneration.
   Drain:     It drains your maximum health when unequipped.
Jewellery
 e - a ring of willpower
 h - a +6 ring of dexterity (right hand)
 n - a ring of protection from fire
 y - a ring of protection from fire (left hand)
 A - a ring of positive energy
 D - a +6 ring of strength
 H - an amulet of the acrobat
 Q - a ring of resist corrosion
 R - a +5 ring of evasion
 W - a ring of magical power
Wands
 J - a wand of roots (10)
 N - a wand of light (10)
Scrolls
 l - a scroll of poison
 t - 5 scrolls of amnesia
 w - 7 scrolls of magic mapping
 x - a scroll of fog
 B - 2 scrolls of fear
 E - a scroll of silence
 K - a scroll of immolation
 L - a scroll of acquirement {unknown}
 M - a scroll of enchant armour
 P - a scroll of butterflies {unknown}
 T - a scroll of teleportation
 U - 2 scrolls of torment {unknown}
 V - a scroll of identify
Potions
 f - 5 potions of curing
 g - 3 potions of might
 i - 4 potions of haste
 k - 4 potions of mutation
 m - a potion of resistance {unknown}
 o - 2 potions of flight {unknown}
 p - 2 potions of degeneration {unknown}
 q - 3 potions of magic
 r - 3 potions of brilliance {unknown}
 s - a potion of invisibility {unknown}
 v - 6 potions of attraction {unknown}
 z - a potion of cancellation {unknown}
 C - a potion of ambrosia
 O - 3 potions of heal wounds
Miscellaneous
 S - a lightning rod (4/4)


   Skills:
 + Level 14.1 Fighting
 + Level 16.2 Long Blades
 + Level 15.1 Armour
 + Level 5.9 Dodging
 + Level 5.2 Stealth
 + Level 12.6 Shields
 + Level 1.5 Invocations


You had 13 spell levels left.
You didn't know any spells.
Your spell library contained the following spells:

 Spells                   Type           Power      Damage    Failure   Level
 Apportation              Tloc           0%         N/A       88%         1
 Magic Dart               Conj           0%         1d3       88%         1
 Necrotise                Necr           0%         1d4       88%         1
 Slow                     Hex            0%         N/A       88%         1
 Sting                    Tmut/Pois      0%         1d3       88%         1
 Cigotuvi's Dreadful Rot  Necr/Pois/Air  0%         N/A       96%         2
 Lesser Beckoning         Tloc           0%         N/A       96%         2
 Poisonous Vapours        Pois/Air       0%         N/A       96%         2
 Static Discharge         Conj/Air       0%         2-2/arc   96%         2
 Confusing Touch          Hex            0%         N/A       99%         3
 Gell's Gravitas          Tloc           0%         N/A       99%         3
 Ignite Poison            Fire/Tmut/Pois 0%         N/A       99%         3
 Mephitic Cloud           Conj/Pois/Air  0%         N/A       99%         3
 Ozocubu's Armour         Ice            0%         N/A       99%         3
 Portal Projectile        Hex/Tloc       0%         N/A       99%         3
 Teleport Other           Tloc           0%         N/A       99%         3
 Vampiric Draining        Necr           0%         2d6       99%         3
 Vhi's Electric Charge    Tloc/Air       0%         N/A       99%         3
 Airstrike                Air            0%         2d(0-16)  100%        4
 Anguish                  Hex/Necr       0%         N/A       100%        4
 Cause Fear               Hex            0%         N/A       100%        4
 Leda's Liquefaction      Hex/Erth       0%         N/A       100%        4
 Olgreb's Toxic Radiance  Pois           0%         N/A       100%        4
 Sticky Flame             Conj/Fire      0%         2d3       100%        4
 Alistair's Intoxication  Tmut/Pois      0%         N/A       100%        5
 Arcjolt                  Conj/Air       0%         1d10      100%        5
 Freezing Cloud           Conj/Ice/Air   0%         6-21      100%        5
 Conjure Ball Lightning   Conj/Air       0%         3x3d6     100%        6
 Plasma Beam              Fire/Air       0%         2x1d11    100%        6
 Dragon Form              Tmut           0%         N/A       100%        7
 Enfeeble                 Hex            0%         N/A       100%        7
 Ozocubu's Refrigeration  Ice            0%         4d7       100%        7
 Borgnjor's Revivificati  Necr           0%         N/A       100%        8
 Discord                  Hex            0%         N/A       100%        8
 Disjunction              Tloc           0%         N/A       100%        8
 Ignition                 Fire           0%         3d3       100%        8
 Necromutation            Tmut/Necr      0%         N/A       100%        8
 Death's Door             Necr           0%         N/A       100%        9
 Summon Small Mammal      Summ           Unusable   N/A       N/A         1
 Call Imp                 Summ           Unusable   N/A       N/A         2
 Call Canine Familiar     Summ           Unusable   N/A       N/A         3
 Summon Lightning Spire   Summ/Air       Unusable   N/A       N/A         4
 Dragon's Call            Summ           Unusable   N/A       N/A         9

Dungeon Overview and Level Annotations

Branches:
Dungeon (12/15)            Temple (1/1) D:4            Lair (3/5) D:8
 Shoals (0/4) Lair:2        Snake (0/4) Lair:2          Orc (2/2) D:12
    Elf (0/3) Orc:2       Ossuary (visited)

Altars:
Ashenzari
Cheibriados
Dithmenos
Elyvilon
Fedhas
Gozag
Hepliaklqana
Kikubaaqudgha
Makhleb
Nemelex Xobeh
Okawaru
Qazlal
Ru
Sif Muna
Trog
Uskayaw
Vehumet
Wu Jian
Xom
Yredelemnul
Zin
The Shining One

Shops:
D:8 [   D:10 *   Orc:1 =   Orc:2 !*

Annotations:
D:2 Sigmund
Lair:2 Dig


Innate Abilities, Weirdness & Mutations

You have a pair of horns on your head.
You reflexively headbutt those who attack you in melee.


Message History

The ogre mage casts a spell at something.
An ogre comes into view. It is wielding a +0 giant club.
Unknown command.
A two-headed ogre comes into view. It is wielding two +0 giant clubs.
The ogre mage casts a spell at the ogre.
The ogre seems to speed up.
The two-headed ogre misses you. You furiously retaliate!
You headbutt the two-headed ogre.
The two-headed ogre hits you with a +0 giant club.
The ogre mage closely misses you.
The two-headed ogre attacks as you move away!
You block the two-headed ogre's attack.
The two-headed ogre hits you with a +0 giant club.
The ogre hits you with a +0 giant spiked club.
The ogre mage casts a spell at the two-headed ogre.
The two-headed ogre seems to speed up.
The ogre mage gestures at you while chanting.
You suddenly lose the ability to move!
You feel like a meek peon again.
The two-headed ogre hits you with a +0 giant spiked club!!
The two-headed ogre hits you with a +0 giant club.
* * * LOW HITPOINT WARNING * * *
The ogre mage hits you but does no damage.
The ogre hits you with a +0 giant spiked club.
* * * LOW HITPOINT WARNING * * *
The two-headed ogre hits you with a +0 giant spiked club!
* * * LOW HITPOINT WARNING * * *
The two-headed ogre hits you but does no damage.
An ogre comes into view. It is wielding a +0 giant spiked club.
The ogre mage hits you with a +0 spear.
* * * LOW HITPOINT WARNING * * *
The ogre mage hits you from afar with a +0 spear!
* * * LOW HITPOINT WARNING * * *
The two-headed ogre barely misses you.
The two-headed ogre hits you with a +0 giant club.
* * * LOW HITPOINT WARNING * * *
You can move again.
As you read the scroll of fog, it crumbles to dust.
The scroll dissolves into smoke.
The ogre hits you with a +0 giant spiked club!
You die...

........# ##.
..O.....##.. .......#..
........ O... #.....
...o∩∩... ##...#
.O....... ##§OO§#
......... #.§OO.##
......
#.#§@OO.########..###
.....§##OO..............
#......##§..............
......................$.
#.. ............>......#
#. ....#.........#...##
# ...#...........#..##
.................O..
..............<.....


You could see 3 two-headed ogres, 2 ogre magi and 3 ogres.

Vanquished Creatures
  Josephine (D:11)
  2 ogre magi (Orc:2)
  A rakshasa (D:11)
  2 hydras (Lair:1)
  2 centaur warriors
  2 boulder beetles (D:11)
  Erica (D:8)
  9 two-headed ogres
  2 tengu warriors (D:11)
  A death yak (Lair:1)
  3 fire crabs (Lair:1)
  2 orc knights
  An orc sorcerer (Orc:2)
  2 cyclopes
  A merfolk siren (Lair:2)
  5 ugly things
  A manticore (Lair:1)
  A black mamba (Lair:2)
  9 elephants
  Joseph (D:8)
  4 cane toads
  A rime drake (Lair:1)
  7 komodo dragons
  An unseen horror (D:8)
  An efreet (D:11)
  3 kobold demonologists (D:11)
  A tengu conjurer (D:11)
  5 trolls
  5 blink frogs (Lair:3)
  A centaur simulacrum (D:11)
  4 slime creatures
  A jumping spider (shapeshifter) (D:11)
  5 wraiths
  3 shadows
  6 wyverns
  40 yaks
  A vampire (D:12)
  4 basilisks
  3 vampire mosquitoes (D:11)
  A steam dragon (Lair:1)
  3 wargs (Orc:1)
  3 acid dragons
  5 water moccasins
  A sky beast (D:8)
  A hornet zombie (Ossuary)
  2 ice beasts (D:6)
  2 black bears
  17 ogres
  14 orc warriors
  A wolf (Lair:1)
  5 centaurs
  2 phantoms
  3 kobold brigands (D:8)
  A gnoll sergeant (D:10)
  8 bullfrogs
  2 wyvern zombies (Ossuary)
  8 scorpions
  A water moccasin zombie (Ossuary)
  10 wights
  49 killer bees
  A howler monkey (D:5)
  4 centaur zombies (Ossuary)
  8 bullfrog zombies (Ossuary)
  A crimson imp (D:4)
  A lava snake (D:11)
  A jelly (D:6)
  3 hounds
  6 orc priests
  10 mummies (Ossuary)
  A sleepcap (D:3)
  2 gnoll boudas
  5 iguanas
  Terence (D:2)
  13 orc wizards
  A killer bee zombie (Ossuary)
  6 ogre zombies (D:12)
  2 howler monkey zombies (Ossuary)
  Robin (D:3)
  7 gnolls
  7 adders
  A shadow imp (D:7)
  3 white imps
  An ufetubus (D:6)
  A worm (D:4)
  47 orcs
  8 ball pythons
  5 endoplasms
  4 giant cockroaches
  15 goblins
  9 hobgoblins
  4 quokkas
  A bat (D:1)
  2 frilled lizards
  A goblin skeleton (D:12)
  3 goblin zombies (D:12)
  A hobgoblin skeleton (D:12)
  2 hobgoblin zombies (D:12)
  13 kobolds
  2 orc skeletons (D:12)
  10 orc zombies (D:12)
  A rat (D:1)
499 creatures vanquished.

Vanquished Creatures (others)
  A wolf (Lair:1)
  An orc wizard (Orc:1)
2 creatures vanquished.

Grand Total: 501 creatures vanquished

Notes
Turn   | Place    | Note
-------+----------+-------------------------------------------
     0 | D:1      | Peloso the Minotaur Fighter began the quest for the Orb.
     0 | D:1      | Reached XP level 1. HP: 19/19 MP: 0/0
    20 | D:1      | You fall into a shaft and drop 1 floor!
   120 | D:2      | Noticed Terence
   131 | D:2      | Killed Terence
   132 | D:2      | Reached skill level 3 in Long Blades
   132 | D:2      | Reached XP level 2. HP: 5/27 MP: 1/1
   236 | D:2      | Noticed Sigmund
   341 | D:1      | Reached XP level 3. HP: 33/33 MP: 2/2
  1415 | D:3      | Found a glowing golden altar of the Shining One.
  1502 | D:3      | Noticed Robin
  1541 | D:3      | Killed Robin
  1542 | D:3      | Reached XP level 4. HP: 23/40 MP: 3/3
  1555 | D:3      | Reached skill level 4 in Long Blades
  1662 | D:3      | Found a broken altar of Ashenzari.
  2000 | D:3      | Reached skill level 1 in Stealth
  2244 | D:3      | Found a sacrificial altar of Ru.
  2317 | D:4      | Reached XP level 5. HP: 47/47 MP: 4/4
  2387 | D:4      | Found a staircase to the Ecumenical Temple.
  2470 | Temple   | Entered the Ecumenical Temple
  2676 | D:4      | Found a burning altar of Makhleb.
  2676 | D:4      | Found a radiant altar of Vehumet.
  2685 | D:4      | Reached skill level 5 in Long Blades
  2685 | D:4      | Reached XP level 6. HP: 51/53 MP: 5/5
  2710 | D:4      | Reached skill level 5 in Armour
  2723 | D:4      | Found an ancient bone altar of Kikubaaqudgha.
  3014 | D:4      | Found a shimmering blue altar of Sif Muna.
  3309 | D:5      | Entered Level 5 of the Dungeon
  3341 | D:5      | Found a sand-covered staircase.
  3348 | Ossuary  | Entered an ossuary
  3391 | Ossuary  | Reached skill level 5 in Fighting
  3391 | Ossuary  | Reached skill level 6 in Long Blades
  3391 | Ossuary  | Reached XP level 7. HP: 19/61 MP: 6/6
  3547 | Ossuary  | Reached skill level 1 in Dodging
  3566 | Ossuary  | Reached skill level 5 in Shields
  3633 | Ossuary  | Reached skill level 7 in Long Blades
  3870 | Ossuary  | Reached XP level 8. HP: 41/69 MP: 7/7
  3946 | Ossuary  | Reached skill level 8 in Long Blades
  5042 | D:5      | Found an iron altar of Okawaru.
  5046 | D:5      | Became a worshipper of Warmaster Okawaru
  5445 | D:5      | Reached skill level 9 in Long Blades
  5711 | D:6      | Reached * piety under Okawaru
  5778 | D:6      | Found a bloodstained altar of Trog.
  5929 | D:6      | Reached XP level 9. HP: 58/61 MP: 8/8
  6482 | D:7      | Found a white marble altar of Elyvilon.
  6533 | D:7      | Found a basalt altar of Yredelemnul.
  6712 | D:7      | Reached skill level 10 in Long Blades
  6717 | D:7      | Reached ** piety under Okawaru
  7713 | D:8      | Identified the +8 plate armour "Jayng" {Rampage rC+ rN+
                  | Dex-3}
  7743 | D:8      | Noticed a two-headed ogre
  7744 | D:8      | Noticed a centaur warrior
  7991 | D:8      | Found a staircase to the Lair.
  7993 | D:8      | Noticed a komodo dragon
  8020 | D:8      | Killed a komodo dragon
  8435 | D:7      | Reached skill level 11 in Long Blades
  8643 | D:8      | Found Meragh's Antique Armour Shoppe.
  8694 | D:8      | Found an ornate altar of the Wu Jian Council.
  8891 | D:8      | Noticed Joseph
  8895 | D:8      | Found a snail-covered altar of Cheibriados.
  8903 | D:8      | Killed Joseph
  8904 | D:8      | Reached XP level 10. HP: 62/88 MP: 9/9
  9041 | D:8      | Reached *** piety under Okawaru
  9577 | D:9      | Noticed Erica
  9919 | D:8      | Reached **** piety under Okawaru
  9951 | D:8      | Killed Erica
  9951 | D:8      | Received a gift from Okawaru
  9952 | D:8      | Reached skill level 10 in Armour
 10167 | D:8      | Killed a centaur warrior
 10459 | D:9      | Found a shadowy altar of Dithmenos.
 10547 | D:9      | Found a hazy altar of Hepliaklqana.
 10664 | D:9      | Reached skill level 12 in Long Blades
 10785 | D:9      | Reached ***** piety under Okawaru
 10881 | D:10     | Entered Level 10 of the Dungeon
 10899 | D:10     | Reached XP level 11. HP: 81/97 MP: 10/10
 11042 | D:10     | Received a gift from Okawaru
 11705 | D:10     | Found Zin's Purification Station.
 11705 | D:10     | Found a glowing silver altar of Zin.
 11914 | D:11     | Noticed a soul eater
 12616 | D:11     | Noticed a boulder beetle
 12637 | D:11     | Killed a boulder beetle
 12656 | D:11     | Reached skill level 13 in Long Blades
 13049 | D:11     | Noticed a brown ugly thing
 13126 | D:11     | Killed a brown ugly thing
 13127 | D:11     | Reached skill level 10 in Fighting
 13247 | D:11     | Noticed a purple ugly thing
 13260 | D:11     | Killed a purple ugly thing
 13342 | D:11     | Noticed Josephine
 13370 | D:11     | Killed Josephine
 13370 | D:11     | Reached ****** piety under Okawaru
 13371 | D:11     | Reached skill level 14 in Long Blades
 13386 | D:11     | Noticed a tengu warrior
 13683 | D:8      | Killed a two-headed ogre
 13683 | D:8      | Received a gift from Okawaru
 13999 | D:8      | Reached XP level 12. HP: 97/108 MP: 11/11
 14135 | Lair:1   | Entered Level 1 of the Lair of Beasts
 14876 | Lair:1   | Noticed a five-headed hydra
 14877 | Lair:1   | Noticed a five-headed hydra
 14880 | Lair:1   | Noticed a death yak
 14905 | Lair:1   | Killed a one-headed hydra
 14910 | Lair:1   | Killed a two-headed hydra
 15063 | Lair:1   | Killed a death yak
 15251 | Lair:1   | Reached skill level 10 in Shields
 16406 | Lair:2   | Reached skill level 1 in Invocations
 16807 | Lair:2   | Found a staircase to the Shoals.
 16861 | Lair:2   | Identified the +1 hat "Yvodghed" {Drain +Inv Regen+ Int+5
                  | SInv} (Okawaru gifted it to you on level 2 of the Lair of
                  | Beasts)
 16861 | Lair:2   | Received a gift from Okawaru
 17063 | Lair:2   | Found a staircase to the Snake Pit.
 17715 | Lair:3   | Reached skill level 15 in Long Blades
 17735 | Lair:3   | Reached XP level 13. HP: 103/119 MP: 12/12
 18165 | Lair:3   | Reached skill level 5 in Dodging
 19405 | D:12     | Received a gift from Okawaru
 20001 | D:12     | Reached skill level 5 in Stealth
 20097 | D:12     | Found a staircase to the Orcish Mines.
 20506 | Orc:1    | Entered Level 1 of the Orcish Mines
 20653 | Orc:1    | Found Niceag's Jewellery Emporium.
 20969 | Orc:2    | Entered Level 2 of the Orcish Mines
 21288 | Orc:2    | Found a staircase to the Elven Halls.
 21358 | Orc:2    | Received a gift from Okawaru
 21359 | Orc:2    | Reached skill level 16 in Long Blades
 21371 | Orc:1    | Reached XP level 14. HP: 55/130 MP: 13/13
 21590 | Orc:1    | Received a gift from Okawaru
 21593 | Orc:1    | Reached skill level 15 in Armour
 21739 | Orc:2    | Found Erchoem's General Store.
 21739 | Orc:2    | Found Huij's Distillery.
 21749 | Orc:2    | Paralysed by an ogre mage for 5 turns
 21762 | Orc:2    | Paralysed by an ogre mage for 3 turns
 21764 | Orc:2    | HP: 5/132 [two-headed ogre/+0 dire flail (3)]
 21765 | Orc:2    | Slain by an ogre

Illustrated notes

Levels and vault maps discovered:
D:1:      minmay_arrival_checkered_box, layout_loops_corners,
          grunt_decor_mini_mirrors
D:2:      layout_loops_ring, ebering_ecumenical_altar_sacrificial, uniq_sigmund,
          uniq_terence
D:3:      layout_basic, mainiacjoe_overflow_concentric_impassable,
          nicolae_ru_the_path_less_chosen, tso_oasis_becter,
          minmay_misc_feat_enclosed, reono_crystal_passage,
          minmay_gold_behind_fungi, uniq_robin
D:4:      layout_cave_pools, grunt_temple_overflow_lords_of_destruction,
          tgw_sif, mainiacjoe_overflow_brackets,
          minmay_temple_entry_statues_fountains, grunt_ministairs_13
D:5:      layout_loops_cross, marbit_many_paths, chequers_ossuary_entry_cave
D:6:      layout_basic, mainiacjoe_overflow_catwalk
D:7:      layout_basic, mainiacjoe_overflow_paths, elyvilon_altar_1
D:8:      layout_cave_pools, kennysheep_little_box,
          lemuel_coloured_pillars_altar, david_lair_shrubbed, serial_shops,
          nicolae_shop_behind_doors, kennysheep_kite_vault, uniq_joseph
D:9:      layout_rooms, amcnicky_altar_gilded, nicolae_hepliaklqana_hazy_memory,
          uniq_erica
D:10:     layout_rooms, zin_purify, nrook_mini_vaults
D:11:     minmay_the_grid_octo_2x2 [minmay_the_grid_octo_odd_swirl,
          minmay_the_grid_octo_fat_diamond, minmay_the_grid_octo_teeth,
          minmay_the_grid_octo_prize_big_c], layout_irregular_city,
          kennysheep_big_empty_room, uniq_josephine
D:12:     layout_loops_ring, zombieorc1_lemuel, drop_trap,
          mrwooster_statue_mirror
Temple:   hellmonk_temple_beads
Lair:1:   layout_gridlike, chequers_serial_rivers_room_b,
          nicolae_lair_lakeside_cave, infiniplex_staircase_pool_2
Lair:2:   wad_woods_minihive, layout_chaotic_city,
          minmay_shoals_entry_lonely_mermaid, dummy_snake_entry
Lair:3:   layout_hall_layers
Orc:1:    layout_caves, basic_altar, serial_shops, nicolae_shop_stone
Orc:2:    st_orc_ogre_mass, layout_caves, gammafunk_ghost_cemetery

Skill      XL: |  1  2  3  4  5  6  7  8  9 10 11 12 13 14 |
---------------+-------------------------------------------+-----
Fighting       | 4 5 6 7 9 10 12 13 14 | 14.1
Long Blades    | 3 4 5 6 7 9 11 12 14 15 16 | 16.2
Armour         | 4 5 7 8 10 12 13 14 15 | 15.1
Shields        | 4 5 6 7 9 10 12 | 12.6
Stealth        | 1 2 3 4 5 |  5.2
Dodging        | 1 2 3 4 5 |  5.9
Invocations    | 1 |  1.5

Action                     |  1- 3 |  4- 6 |  7- 9 | 10-12 | 13-15 || total
---------------------------+-------+-------+-------+-------+-------++-------
  Melee: Long sword        |   100 |   146 |   461 |   111 |       ||   818
         Headbutt          |    20 |    26 |   117 |   191 |   158 ||   512
         Scimitar          |       |       |       |   634 |   549 ||  1183
 Invoke: Heroism           |       |       |     2 |     8 |     5 ||    15
  Evoke: Wand              |       |       |       |       |     1 ||     1
    Use: Potion            |     3 |       |     4 |     4 |       ||    11
         Scroll            |       |     2 |    10 |     4 |     4 ||    20
   Stab: Sleeping          |     2 |     5 |     6 |     4 |     6 ||    23
         Distracted        |       |     1 |       |       |       ||     1
 Armour: Scale mail        |     1 |       |       |       |       ||     1
         Shadow dragon sca |    45 |   109 |   297 |   473 |   247 ||  1171
         Chain mail        |    22 |       |       |       |       ||    22
  Dodge: Dodged            |    32 |    58 |   173 |   357 |   270 ||   890
  Block: Buckler           |    25 |    39 |   107 |   290 |   227 ||   688
